Map: Thunderbird LE

Players

MaNa - Winner!

  • Race: Protoss Protoss
  • Spawn Location: 11:00

sleepCOW

  • Race: Zerg Zerg
  • Spawn Location: 5:00

Event: 2019 WCS Summer

VOD

Have the link to the VOD?

Description

Time

  • Played on: July 12, 2019, 6:07 a.m.
  • Length: 6:51

All games in this series

Show
View Real Time Build Order
Export as new Build Order

MaNa Protoss - Winner!

Build Orders: Oracle Opening 

Get SALT Encoding   

  12  0:00  Probe  
  13  0:12  Probe  
  14  0:18  Pylon  
  14  0:24  Probe  
  15  0:32  Probe  
  15  0:40  Probe  
  16  0:43  Gateway  
  17  0:51  Probe  
  17  0:52  Assimilator  
  18  1:02  Probe  
  19  1:10  Probe  
  19  1:15  Assimilator  
  20  1:18  Probe  
  21  1:29  Probe  
  21  1:30  Cybernetics Core  
  22  1:46  Nexus  
  22  1:52  Pylon  
  22  1:55  Probe  
  23  2:07  Stalker  
  23  2:10  Probe, Stargate  
  24  2:22  Probe  
  27  2:26  Warp Gate  
  27  2:34  Probe  
  28  2:46  Probe  
  31  2:53  Oracle  
  31  2:58  Probe x2, Adept  
  33  3:03  Pylon  
  36  3:10  Probe x2  
  37  3:18  Gateway  
  37  3:22  Probe x2  
  37  3:24  Oracle  
  42  3:34  Probe  
  42  3:35  Probe  
  42  3:37  Pylon  
  44  3:46  Probe  
  44  3:47  Probe, Robotics Facility  
  46  3:49  Assimilator  
  46  3:51  Assimilator  
  46  3:55  Pylon  
  46  3:58  Probe  
  46  3:59  Probe  
  48  4:09  Shield Battery  
  48  4:14  Stalker, Shield Battery  
  48  4:15  Void Ray, Probe x2  
  52  4:28  Zealot  
  58  4:32  Probe x2  
  58  4:36  Immortal  
  60  4:44  Probe x2  
  62  4:52  Pylon  
  66  4:56  Probe  
  66  4:57  Probe  
  66  4:59  Pylon x2  
  68  5:06  Immortal  
  68  5:09  Probe  
  69  5:19  Sentry  
  75  5:22  Sentry  
  75  5:28  Shield Battery  
  77  5:29  Shield Battery  
  77  5:35  Pylon, Warp Prism  
  77  5:36  Pylon  
  77  5:45  Shield Battery  
  77  5:47  Sentry x2  
  83  5:59  Immortal  
  83  6:02  Shield Battery  
  83  6:04  Shield Battery  
  83  6:10  Gateway  
  87  6:24  Probe x2  
  89  6:29  Gateway  
  89  6:31  Gateway  
  89  6:32  Sentry  
  91  6:35  Gateway  
Show
View Real Time Build Order
Export as new Build Order

sleepCOW Zerg 

Build Orders: Hatch First 

Get SALT Encoding   

  12  0:00  Drone  
  13  0:12  Overlord  
  13  0:16  Drone  
  14  0:30  Drone x2  
  16  0:48  Hatchery  
  15  0:50  Drone  
  15  0:54  Drone  
  17  0:58  Drone  
  18  1:09  Extractor  
  17  1:13  Spawning Pool  
  17  1:17  Drone  
  17  1:20  Drone  
  18  1:30  Drone  
  19  1:46  Drone  
  20  1:51  Overlord  
  20  2:01  Queen x2  
  20  2:03  Zergling x2  
  20  2:04  Drone  
  26  2:11  Metabolic Boost  
  26  2:13  Zergling x4  
  28  2:31  Drone x2  
  30  2:38  Drone x2  
  32  2:46  Overlord  
  32  2:49  Lair  
  32  2:57  Overlord  
  32  2:59  Overlord  
  32  3:11  Drone x2  
  34  3:17  Zergling x8  
  34  3:18  Zergling x2, Queen  
  41  3:30  Zergling x4  
  43  3:41  Zergling x4  
  45  3:48  Nydus Network  
  45  3:49  Zergling x10, Queen  
  51  4:01  Queen  
  49  4:13  Zergling x6  
  47  4:42  Nydus Canal  
  47  4:51  Overlord  
  47  4:52  Overlord  
  47  5:02  Nydus Canal  
  47  5:04  Overlord  
  44  5:32  Zergling x12  
  42  5:53  Spine Crawler  
  42  5:55  Spine Crawler x2  
  32  6:06  Zergling x2  
Tags
 
Add a new tag
Caveats
  • Supply blocks, unpowered buildings, or Contaminate may cause inaccurate times.
  • Supply counts are checked every 10 seconds.